[Event "Titled Tuesday Blitz April 19 Early 2022"]
[White "Pham, Tran Gia Phuc"]
[Black "Jakubowski, Krzysztof"]
[WhiteFideId "12415669"]
[BlackFideId "1112848"]
[WhiteElo "2175"]
[BlackElo "2642"]
[Result "0-1"]
[Round "08"]
[TimeControl "180+1"]
[Date "2022.04.19"]
[WhiteClock "0:00:33"]
[BlackClock "0:00:24"]

1. e4 c5 2. Nc3 e6 3. d4 cxd4 4. Qxd4 Nc6 5. Qd2 a6 6. b3 b5 7. Bb2 Bb7 8. O-O-O Rc8 9. Kb1 Nf6 10. f3 Bc5 11. Nh3 O-O 12. g4 d6 13. Nf4 Qb6 14. Qg2 Ne5 15. Nh5 Bb4 16. Ne2 Nfd7 17. f4 Qe3 18. Neg3 Nf3 19. Bd3 Nd2+ 20. Ka1 g6 21. Rhe1 Nxb3+ 22. axb3 Bxe1 23. Nf1 Qb6 24. Kb1 Qa5 25. Rxe1 Qxe1+ 26. Ka2 Rc5 27. Nf6+ Nxf6 28. Bxf6 b4 0-1


[Site "https://www.chess.com"]

[Event "Titled Tuesday Blitz April 19 Early 2022"]
[White "Piesik, Piotr"]
[Black "Babazada, Khazar"]
[WhiteFideId "1136194"]
[BlackFideId "13413554"]
[WhiteElo "2190"]
[BlackElo "2406"]
[Result "1-0"]
[Round "08"]
[TimeControl "180+1"]
[Date "2022.04.19"]
[WhiteClock "0:00:24"]
[BlackClock "0:01:33"]

1. Nf3 g5 2. Nxg5 e5 3. d4 h6 4. Ne4 d5 5. Ng3 e4 6. Bf4 Bd6 7. Bxd6 Qxd6 8. Qd2 h5 9. e3 h4 10. Ne2 h3 11. Nf4 hxg2 12. Bxg2 c6 13. c4 Ne7 14. Nc3 Na6 15. cxd5 cxd5 16. a3 Bd7 17. h4 O-O-O 18. h5 Kb8 19. O-O-O b5 20. Na2 Nc6 21. Kb1 b4 22. axb4 Ncxb4 23. Nxb4 Nxb4 24. Rc1 Ka8 25. Rc5 Rb8 26. Nxd5 Nxd5 27. Bxe4 Be6 28. Qa5 Rhd8 29. h6 f5 30. Bf3 Qb6 31. Qxb6 axb6 32. Rc6 Bf7 33. Rf6 Rb7 34. Rxf7 Rxf7 35. Bxd5+ Rxd5 36. h7 Rd8 37. h8=Q Rxh8 38. Rxh8+ Kb7 39. Rh6 f4 40. Kc2 fxe3 41. fxe3 Rf2+ 42. Kc3 Re2 43. Re6 1-0


[Site "https://www.chess.com"]

[Event "Titled Tuesday Blitz April 19 Early 2022"]
[White "Pinheiro, Iung Alicio de O."]
[Black "Samunenkov, Ihor"]
[WhiteFideId "2104350"]
[BlackFideId "14187086"]
[WhiteElo "2569"]
[BlackElo "2409"]
[Result "0-1"]
[Round "08"]
[TimeControl "180+1"]
[Date "2022.04.19"]
[WhiteClock "0:00:01"]
[BlackClock "0:00:15"]

1. c4 c5 2. g3 Nc6 3. Bg2 g6 4. Nc3 Bg7 5. a3 e6 6. b4 Nxb4 7. axb4 cxb4 8. Nb5 Bxa1 9. Qa4 Bg7 10. Nd6+ Kf8 11. Qxb4 Ne7 12. c5 Nc6 13. Bxc6 bxc6 14. Nf3 a5 15. Qa3 Ba6 16. Bb2 Qb8 17. Bxg7+ Kxg7 18. Qa1+ f6 19. Ng5 Qb4 20. Nge4 e5 21. O-O Rab8 22. d3 a4 23. Qc1 a3 24. Nxf6 Kxf6 25. Qh6 a2 26. Ne4+ Qxe4 27. dxe4 Rb1 28. Qh4+ Kf7 29. Qg5 Rxf1+ 30. Kxf1 a1=Q+ 31. Kg2 Bxe2 32. Kh3 Qf1+ 33. Kh4 h6 34. Qxe5 g5+ 0-1


[Site "https://www.chess.com"]

[Event "Titled Tuesday Blitz April 19 Early 2022"]
[White "Polster, Christian"]
[Black "Hnydiuk, Aleksander"]
[WhiteFideId "12965081"]
[BlackFideId "1109057"]
[WhiteElo "2338"]
[BlackElo "2374"]
[Result "0-1"]
[Round "08"]
[TimeControl "180+1"]
[Date "2022.04.19"]
[WhiteClock "0:00:36"]
[BlackClock "0:00:35"]

1. e4 Nf6 2. Nc3 e5 3. Bc4 Nc6 4. f4 Nxe4 5. Nxe4 d5 6. Bd3 dxe4 7. Bxe4 Bc5 8. Nf3 O-O 9. Bxc6 bxc6 10. fxe5 Bg4 11. c3 Qd3 12. Qe2 Rad8 13. Rf1 Bf5 14. Nh4 Qxe2+ 15. Kxe2 Bd3+ 16. Ke1 Bxf1 17. Kxf1 Rd3 18. Nf3 Bb6 19. Ne1 Rd5 20. Nf3 f6 21. exf6 Rxf6 22. d4 c5 23. dxc5 Bxc5 24. b4 Bb6 25. Bb2 Rd2 26. Rb1 Rf2+ 27. Ke1 Re6+ 28. Kd1 Rf1+ 29. Kc2 Re2+ 30. Nd2 Rxd2+ 31. Kxd2 Rxb1 0-1


[Site "https://www.chess.com"]

[Event "Titled Tuesday Blitz April 19 Early 2022"]
[White "Postnikov, Daniil"]
[Black "Shyaamnikhil P"]
[WhiteFideId "4166329"]
[BlackFideId "5024218"]
[WhiteElo "2261"]
[BlackElo "2329"]
[Result "0-1"]
[Round "08"]
[TimeControl "180+1"]
[Date "2022.04.19"]
[WhiteClock "0:00:17"]
[BlackClock "0:00:15"]

1. d4 Nf6 2. c4 c5 3. d5 b5 4. cxb5 a6 5. bxa6 g6 6. Nc3 Bg7 7. e4 O-O 8. e5 Ne8 9. Nf3 d6 10. h4 dxe5 11. h5 Nd6 12. hxg6 hxg6 13. Bh6 f6 14. Qd2 Nf7 15. Bxg7 Kxg7 16. O-O-O Nxa6 17. Bc4 Rh8 18. Ne4 Bf5 19. Ng3 Nd6 20. Nxf5+ gxf5 21. Nh4 Nb4 22. Qc3 Kf7 23. a3 Qg8 24. g3 Qg4 25. Bb3 c4 26. Qxb4 Rhb8 27. Qe1 Rxb3 28. f3 Qg8 29. f4 c3 30. Rh2 cxb2+ 31. Rxb2 Qc8+ 32. Kb1 Rxb2+ 33. Kxb2 Nc4+ 0-1


[Site "https://www.chess.com"]

[Event "Titled Tuesday Blitz April 19 Early 2022"]
[White "Pranav, V"]
[Black "Bortnyk, Olexandr"]
[WhiteFideId "25060783"]
[BlackFideId "14120828"]
[WhiteElo "2349"]
[BlackElo "2723"]
[Result "0-1"]
[Round "08"]
[TimeControl "180+1"]
[Date "2022.04.19"]
[WhiteClock "0:00:01"]
[BlackClock "0:00:06"]

1. Nf3 d6 2. g3 e5 3. Bg2 Nc6 4. d3 Bg4 5. c4 Qd7 6. h3 Be6 7. Nc3 h6 8. a3 a5 9. Rb1 Nf6 10. b4 axb4 11. axb4 Be7 12. b5 Nd8 13. g4 O-O 14. g5 hxg5 15. Nxg5 c6 16. Rg1 d5 17. cxd5 cxd5 18. Bd2 Ra3 19. Qc1 e4 20. dxe4 d4 21. Nd1 Bb3 22. Nb2 Ne6 23. Ra1 Rc8 24. Qb1 Bc2 25. Qc1 Bxe4 26. Qd1 Bc2 27. Qc1 Nxg5 28. Bxg5 Be4 29. Qd1 Rxa1 30. Qxa1 Bxg2 31. Rxg2 Qxh3 32. Kf1 Ng4 33. Kg1 Bxg5 34. Nd3 Qh5 35. Qxd4 Nf6 36. f4 Bh4 37. Qb6 Qd5 38. Kh2 Qe4 39. Qd6 Re8 40. Nc5 Qh7 41. Kg1 Qb1+ 42. Kh2 Qxb5 43. Nd3 Qc6 44. Qd4 Qe4 45. Qc3 Qh7 46. Kg1 Qf5 47. Qd4 Qe4 48. Qc3 Qe3+ 49. Kh2 Bg3+ 50. Rxg3 Qxg3+ 51. Kxg3 Ne4+ 0-1


[Site "https://www.chess.com"]

[Event "Titled Tuesday Blitz April 19 Early 2022"]
[White "Qashashvili, Alexandre"]
[Black "Agasarov, Benik"]
[WhiteFideId "13600842"]
[BlackFideId "13314823"]
[WhiteElo "2316"]
[BlackElo "2483"]
[Result "0-1"]
[Round "08"]
[TimeControl "180+1"]
[Date "2022.04.19"]
[WhiteClock "0:01:44"]
[BlackClock "0:02:27"]

1. e4 e5 2. Nc3 Nf6 3. Nf3 Nc6 4. d4 exd4 5. Nxd4 Bb4 6. Nxc6 bxc6 7. Bd3 O-O 8. O-O Re8 9. Re1 Bd6 10. Bg5 h6 11. Bh4 Be5 12. Qf3 d6 13. h3 g5 14. Bg3 Nd7 15. Qh5 Qf6 16. Bxe5 Nxe5 17. Ne2 g4 18. Ng3 gxh3 19. Nf5 Bxf5 20. exf5 hxg2 21. Re3 Kh7 22. Rg3 Rg8 23. Kxg2 Rxg3+ 24. fxg3 Nxd3 25. cxd3 Qxb2+ 26. Kh3 Qxa1 27. Qxf7+ Qg7 28. Qh5 Rg8 29. Qh4 Qg5 30. f6 Qxh4+ 31. Kxh4 Kg6 32. f7 Kxf7 0-1


[Site "https://www.chess.com"]

[Event "Titled Tuesday Blitz April 19 Early 2022"]
[White "Quirke, Jeffrey"]
[Black "Mohammadian, Mohammad"]
[WhiteFideId "2013029"]
[BlackFideId "12566055"]
[WhiteElo "2177"]
[BlackElo "1544"]
[Result "1-0"]
[Round "08"]
[TimeControl "180+1"]
[Date "2022.04.19"]
[WhiteClock "0:01:04"]
[BlackClock "0:00:45"]

1. d4 Nf6 2. c4 g6 3. Nc3 d5 4. cxd5 Nxd5 5. e4 Nxc3 6. bxc3 Bg7 7. Nf3 c5 8. Be3 Qa5 9. Qd2 Nc6 10. Rb1 cxd4 11. cxd4 Qxd2+ 12. Kxd2 O-O 13. Bd3 Rd8 14. d5 Ne5 15. Nxe5 Bxe5 16. Ke2 e6 17. dxe6 fxe6 18. f4 Bd4 19. e5 Bxe3 20. Kxe3 b6 21. Bc4 Kf7 22. Rhd1 Bb7 23. g3 Ke7 24. h4 Bd5 25. Bxd5 exd5 26. Rbc1 Rd7 27. Kd4 Ke6 28. g4 h6 29. Rf1 Rf8 30. Rc6+ Ke7 31. Rxg6 Rh8 32. Rg7+ Kd8 33. Rxd7+ Kxd7 34. Kxd5 a5 35. f5 Kc7 36. e6 b5 37. f6 a4 38. f7 Rd8+ 39. Ke5 Rf8 40. e7 Rh8 41. f8=Q Rxf8 42. exf8=Q b4 43. Qxb4 a3 44. Rf7+ Kd8 45. Qf8# 1-0


[Site "https://www.chess.com"]

[Event "Titled Tuesday Blitz April 19 Early 2022"]
[White "Ratnakaran, K."]
[Black "Kotepalli, Sai Nirupama"]
[WhiteFideId "5005507"]
[BlackFideId "5039444"]
[WhiteElo "2407"]
[BlackElo "2398"]
[Result "1-0"]
[Round "08"]
[TimeControl "180+1"]
[Date "2022.04.19"]
[WhiteClock "0:02:03"]
[BlackClock "0:01:02"]

1. e4 c5 2. Nf3 e6 3. d4 cxd4 4. Nxd4 Nf6 5. Bd3 Nc6 6. Nxc6 bxc6 7. O-O d5 8. e5 Nd7 9. f4 Qb6+ 10. Kh1 c5 11. c4 Bb7 12. Nc3 Be7 13. cxd5 exd5 14. Bb5 O-O-O 15. a4 d4 16. a5 Qc7 17. a6 Ba8 18. Na4 Nf8 19. Bd2 f6 20. Qg4+ Kb8 21. e6 Qd6 22. f5 Qd5 23. Rac1 Bd6 24. b4 h5 25. Qh3 cxb4 26. Bc4 Qe4 27. Bd3 Qg4 28. Kg1 Qxh3 29. gxh3 h4 30. Rc4 Be7 31. Bf4+ Bd6 32. Rxb4+ Kc7 33. Rc1+ Bc6 34. Rb7+ 1-0


[Site "https://www.chess.com"]

[Event "Titled Tuesday Blitz April 19 Early 2022"]
[White "Rottenwohrer Suarez, Juan"]
[Black "Wieczorek, Oskar"]
[WhiteFideId "32068182"]
[BlackFideId "1133950"]
[WhiteElo "2158"]
[BlackElo "2319"]
[Result "0-1"]
[Round "08"]
[TimeControl "180+1"]
[Date "2022.04.19"]
[WhiteClock "0:00:03"]
[BlackClock "0:00:15"]

1. d4 Nf6 2. c4 c5 3. d5 b5 4. cxb5 a6 5. bxa6 g6 6. Nc3 Bxa6 7. g3 d6 8. Bg2 Nbd7 9. Nf3 Bg7 10. Rb1 O-O 11. O-O Qa5 12. Bd2 Rfb8 13. Qc2 Ng4 14. b3 Qa3 15. h3 Ngf6 16. Rfe1 Ne8 17. e4 Nc7 18. Bf4 Nb5 19. Nxb5 Bxb5 20. e5 Qa6 21. Rbd1 dxe5 22. Nxe5 Nxe5 23. Bxe5 Bxe5 24. Rxe5 Qd6 25. Rde1 Ra7 26. a4 Ba6 27. Kh2 h5 28. h4 Rb4 29. R1e3 c4 30. bxc4 Rxc4 31. Qb3 Rb7 32. Qd1 Rcb4 33. Qc2 Rc4 34. Qd1 Rbc7 35. Re6 fxe6 36. Rxe6 Rxh4+ 37. Bh3 Rxh3+ 38. Kxh3 Bc8 39. Qe2 Bxe6+ 40. dxe6 Qd5 41. Kh2 Rc6 0-1


[Site "https://www.chess.com"]

[Event "Titled Tuesday Blitz April 19 Early 2022"]
[White "Rustemov, Alexander"]
[Black "Zhigalko, Sergei"]
[WhiteFideId "4119002"]
[BlackFideId "13502956"]
[WhiteElo "2778"]
[BlackElo "2662"]
[Result "0-1"]
[Round "08"]
[TimeControl "180+1"]
[Date "2022.04.19"]
[WhiteClock "0:00:02"]
[BlackClock "0:00:18"]

1. d4 Nf6 2. Bg5 d5 3. Nf3 Ne4 4. Bf4 Bf5 5. e3 e6 6. c4 Bb4+ 7. Nbd2 Bg4 8. Be2 Bxf3 9. gxf3 Nxd2 10. Qa4+ Nc6 11. O-O-O Nxc4 12. Qb5 O-O 13. Qxb7 Qd7 14. Qxc7 Qxc7 15. Bxc7 Rfc8 16. Bg3 Bd6 17. b3 Bxg3 18. hxg3 Nd6 19. Kb2 a5 20. Rc1 a4 21. Rc5 a3+ 22. Kb1 Nb4 23. Rhc1 Kf8 24. Rc7 Rxc7 25. Rxc7 Rc8 26. Rd7 Rc2 27. Bd1 Rb2+ 28. Ka1 Rxa2+ 29. Kb1 Nb5 30. Rb7 Nc3+ 31. Kc1 Nd3# 0-1


[Site "https://www.chess.com"]

[Event "Titled Tuesday Blitz April 19 Early 2022"]
[White "Samant Aditya S"]
[Black "Makarian, Rudik"]
[WhiteFideId "35080580"]
[BlackFideId "44105681"]
[WhiteElo "1916"]
[BlackElo "2388"]
[Result "1/2-1/2"]
[Round "08"]
[TimeControl "180+1"]
[Date "2022.04.19"]
[WhiteClock "0:00:14"]
[BlackClock "0:00:13"]

1. e4 c5 2. Nf3 d6 3. d4 cxd4 4. Nxd4 Nf6 5. Nc3 a6 6. Be3 e6 7. f3 h5 8. a4 Be7 9. Be2 Qc7 10. Qd2 Nc6 11. O-O O-O 12. f4 Ng4 13. Bxg4 hxg4 14. Qe2 Bf6 15. Rad1 Nxd4 16. Bxd4 Bxd4+ 17. Rxd4 Qb6 18. Qe3 e5 19. Rd3 Qxe3+ 20. Rxe3 exf4 21. Rxf4 Be6 22. Nd5 g5 23. Rf2 Bxd5 24. exd5 Rae8 25. Rfe2 Rxe3 26. Rxe3 Rc8 27. c3 Rc5 28. Rd3 f5 29. Kf2 Kf7 30. Ke3 Rc8 31. Kd4 Rh8 32. h3 gxh3 33. Rxh3 Rxh3 34. gxh3 a5 35. b4 b6 36. bxa5 bxa5 37. c4 Ke7 38. c5 dxc5+ 39. Kxc5 Kd7 40. Kc4 Kd6 41. Kd4 g4 42. hxg4 fxg4 43. Ke4 g3 44. Kf3 Kxd5 45. Kxg3 Kc4 46. Kf2 Kb4 47. Ke2 Kxa4 48. Kd2 Ka3 49. Kc1 Ka2 50. Kc2 a4 51. Kc1 Kb3 52. Kb1 a3 53. Ka1 a2 1/2-1/2


[Site "https://www.chess.com"]

[Event "Titled Tuesday Blitz April 19 Early 2022"]
[White "Sanal, Vahap"]
[Black "Khabinets, Ivan"]
[WhiteFideId "6300545"]
[BlackFideId "14115980"]
[WhiteElo "2802"]
[BlackElo "2563"]
[Result "1-0"]
[Round "08"]
[TimeControl "180+1"]
[Date "2022.04.19"]
[WhiteClock "0:01:12"]
[BlackClock "0:00:01"]

1. d4 d5 2. Nf3 e6 3. c4 a6 4. g3 dxc4 5. Bg2 b5 6. O-O Nf6 7. a4 c6 8. Ne5 Bb7 9. b3 cxb3 10. Qxb3 Bd6 11. Nc3 Nd5 12. Ne4 Be7 13. Nc5 Bxc5 14. dxc5 Nd7 15. Nxd7 Qxd7 16. Bb2 O-O 17. e4 Nf6 18. Be5 Rfd8 19. Bd6 Qe8 20. e5 Nd5 21. f4 Bc8 22. axb5 cxb5 23. f5 Bd7 24. f6 g6 25. Qb2 Bc6 26. Qd2 Kh8 27. Qh6 Qg8 28. h4 a5 29. g4 b4 30. g5 a4 31. Be4 Ra7 32. h5 b3 33. Rf2 Nb4 34. hxg6 fxg6 35. Be7 b2 36. Rxb2 Bxe4 37. Rxb4 Bc6 38. f7 Qxf7 39. Bxd8 Qf3 40. Bf6+ Kg8 41. Rb8+ Kf7 42. Qf8# 1-0


[Site "https://www.chess.com"]

[Event "Titled Tuesday Blitz April 19 Early 2022"]
[White "Sanchez Alvares, Kelvin Antonio"]
[Black "Dev, Shah"]
[WhiteFideId "3906680"]
[BlackFideId "35019058"]
[WhiteElo "2193"]
[BlackElo "2075"]
[Result "0-1"]
[Round "08"]
[TimeControl "180+1"]
[Date "2022.04.19"]
[WhiteClock "0:01:07"]
[BlackClock "0:02:27"]

1. e4 e5 2. Nf3 Nc6 3. Bb5 a6 4. Ba4 Nf6 5. O-O b5 6. Bb3 Bc5 7. a4 Rb8 8. axb5 axb5 9. d3 d6 10. h3 h6 11. Nc3 O-O 12. Nd5 Be6 13. c3 Bxd5 14. exd5 Ne7 15. d4 exd4 16. Nxd4 Qd7 17. Ra6 Nexd5 18. Bxd5 Nxd5 19. Nc6 Rb6 20. Rxb6 Nxb6 21. Na5 Nc4 22. Nxc4 bxc4 23. Qd5 Qe6 24. Qc6 Bb6 25. Kh2 d5 26. Qb5 Ra8 27. Be3 Ra5 28. Qb4 c5 29. Bxc5 Rxc5 0-1


[Site "https://www.chess.com"]

[Event "Titled Tuesday Blitz April 19 Early 2022"]
[White "Sanchez, Robert"]
[Black "Zemerov, Vladimir"]
[WhiteFideId "2034360"]
[BlackFideId "4111583"]
[WhiteElo "2384"]
[BlackElo "2277"]
[Result "1-0"]
[Round "08"]
[TimeControl "180+1"]
[Date "2022.04.19"]
[WhiteClock "0:00:48"]
[BlackClock "0:01:43"]

1. e4 c6 2. d4 d5 3. e5 Bf5 4. Nf3 e6 5. Be2 h6 6. O-O Bb4 7. c3 Ba5 8. Nbd2 Bc7 9. Nb3 Ne7 10. h3 O-O 11. Nh4 Bh7 12. f4 f6 13. exf6 Rxf6 14. Bd3 Bxd3 15. Qxd3 Nf5 16. Nxf5 exf5 17. Bd2 Nd7 18. Rae1 Rf7 19. Nc5 Nf6 20. Nxb7 Qc8 21. Nc5 Ne4 22. Rf3 Bd6 23. b4 Bxc5 24. dxc5 a5 25. b5 Nxc5 26. Qd4 Ne4 27. b6 Qb7 28. Rb1 c5 29. Qd3 Ra6 30. Be1 Rd7 31. Qb5 Kh7 32. Qxd7 Qxd7 33. b7 d4 34. b8=Q d3 35. Rb7 Qd5 36. Qe5 Rd6 37. Qxg7# 1-0


[Site "https://www.chess.com"]

[Event "Titled Tuesday Blitz April 19 Early 2022"]
[White "Sarana, Alexey"]
[Black "Mikhailovsky, Vladimir"]
[WhiteFideId "24133795"]
[BlackFideId "34105414"]
[WhiteElo "2666"]
[BlackElo "2349"]
[Result "1/2-1/2"]
[Round "08"]
[TimeControl "180+1"]
[Date "2022.04.19"]
[WhiteClock "0:00:06"]
[BlackClock "0:00:07"]

1. d4 Nf6 2. c4 e6 3. Nc3 d5 4. cxd5 exd5 5. Bg5 c6 6. e3 Bd6 7. Bd3 h6 8. Bh4 O-O 9. Nge2 a5 10. f3 Re8 11. Qd2 Na6 12. O-O Nc7 13. h3 Ne6 14. Rad1 Ng5 15. Bb1 Nh5 16. Kh1 Nxf3 17. Bxd8 Nxd2 18. Rxd2 Rxd8 19. g4 Ng3+ 20. Nxg3 Bxg3 21. e4 dxe4 22. Bxe4 Be6 23. d5 cxd5 24. Nxd5 Rd6 25. Ne7+ Kf8 26. Ng6+ Ke8 27. Rxd6 Bxd6 28. Bxb7 Rb8 29. Bc6+ Kd8 30. Nf4 Bxf4 31. Rxf4 Rxb2 32. a3 Rb3 33. Ra4 Rxh3+ 34. Kg2 Rc3 35. Bf3 Rc5 36. Rd4+ Kc7 37. Be2 Kb6 38. Kf2 Rc3 39. a4 Rb3 40. Rd6+ Kc5 41. Ra6 Kb4 42. Bb5 Ra3 43. Ra7 Bb3 44. Be8 Bxa4 45. Bxf7 g5 46. Ra6 Bb3 47. Rb6+ Kc3 48. Be8 Ra2+ 49. Kg3 Bd1 50. Rc6+ Kd2 51. Rxh6 Ra3+ 52. Kf2 Bxg4 53. Rd6+ Kc3 54. Rd5 Ra2+ 55. Kg3 Be2 56. Rxg5 a4 57. Bf7 Rb2 58. Rc5+ Kb4 59. Rc8 a3 60. Kf4 a2 61. Rb8+ Bb5 62. Bxa2 Rxa2 63. Rd8 Rf2+ 64. Kg5 Rc2 65. Rd1 Rf2 66. Re1 Kc5 67. Rd1 Bc4 68. Rd8 Bd5 69. Rb8 Kd4 70. Rb5 Ke5 71. Ra5 Rg2+ 72. Kh5 Rd2 73. Kg5 Rg2+ 74. Kh5 Ke6 75. Kh4 Re2 76. Kg5 Re4 77. Rb5 Re5+ 78. Kf4 Rf5+ 79. Ke3 Ke5 80. Rb8 Rf3+ 81. Ke2 Kd4 82. Rd8 Ra3 83. Kd2 Ra2+ 84. Kd1 Ra5 85. Kd2 Ke4 86. Kc3 Rc5+ 87. Kd2 Rc4 88. Rd7 Kd4 89. Rd8 Rb4 90. Kc2 Kc4 91. Kd2 Kc5 92. Ke3 Rb3+ 93. Kf4 Kd4 94. Rc8 Rf3+ 95. Kg4 Rf1 96. Rb8 Ke5 97. Rb5 Rc1 98. Ra5 Rc3 99. Kg5 Rg3+ 100. Kh4 Rb3 101. Kh5 Ke6 102. Kg5 Rb4 103. Rc5 Rb2 104. Ra5 Ke5 105. Kg4 Rg2+ 106. Kh5 1/2-1/2


[Site "https://www.chess.com"]

[Event "Titled Tuesday Blitz April 19 Early 2022"]
[White "Schekachikhin, Maksim"]
[Black "Baker, Chris W"]
[WhiteFideId "24177830"]
[BlackFideId "401676"]
[WhiteElo "2230"]
[BlackElo "2217"]
[Result "1-0"]
[Round "08"]
[TimeControl "180+1"]
[Date "2022.04.19"]
[WhiteClock "0:02:03"]
[BlackClock "0:01:51"]

1. d4 Nf6 2. c4 e6 3. Nc3 Bb4 4. e3 c5 5. Ne2 b6 6. a3 Bxc3+ 7. Nxc3 cxd4 8. exd4 Bb7 9. Bg5 h6 10. Bh4 O-O 11. f3 d5 12. cxd5 exd5 13. Be2 Nbd7 14. O-O Re8 15. Bd3 Qe7 16. Re1 Qf8 17. Qd2 Re2 18. Rxe2 1-0


[Site "https://www.chess.com"]

[Event "Titled Tuesday Blitz April 19 Early 2022"]
[White "Seemann, Jakub"]
[Black "Visakh N R"]
[WhiteFideId "21874697"]
[BlackFideId "25012223"]
[WhiteElo "2003"]
[BlackElo "2448"]
[Result "0-1"]
[Round "08"]
[TimeControl "180+1"]
[Date "2022.04.19"]
[WhiteClock "0:00:05"]
[BlackClock "0:00:13"]

1. e4 c5 2. Nf3 d6 3. d4 cxd4 4. Nxd4 Nf6 5. Nc3 a6 6. Be2 e5 7. Nb3 Be7 8. O-O O-O 9. Qd3 Nc6 10. a3 Na5 11. Nxa5 Qxa5 12. Bd2 Qc7 13. Bg5 Be6 14. Rac1 Rfc8 15. Bxf6 Bxf6 16. g3 Qb6 17. Nd5 Bxd5 18. Qxd5 Qxb2 19. Bc4 Rc7 20. a4 Rac8 21. Bb3 Qd4 22. Qxd4 exd4 23. Rcd1 h5 24. f4 Kf8 25. Kg2 Rc3 26. e5 dxe5 27. fxe5 Rxc2+ 28. Kh3 R2c3 29. Bd5 R8c5 30. Rxd4 Bxe5 31. Rxf7+ Ke8 32. Rd1 Rxd5 33. Rxd5 Kxf7 34. Rxe5 Rc4 35. a5 g6 36. Kg2 Rb4 37. Rd5 Rb5 38. Rd7+ Ke6 39. Rg7 g5 40. Kf3 Kd6 41. Rg6+ Kc7 42. Rh6 g4+ 43. Kf4 Rxa5 44. Rh7+ Kb6 45. Ke4 Rb5 46. Kd4 a5 47. Kc4 Ka6 48. Rh6+ b6 49. Rh8 Rc5+ 50. Kb3 Kb5 51. Rh6 a4+ 52. Kb2 Ka5 53. Rh8 b5 54. h4 gxh3 0-1


[Site "https://www.chess.com"]

[Event "Titled Tuesday Blitz April 19 Early 2022"]
[White "Shandrygin, Nikita"]
[Black "Lagunov, Evgenij"]
[WhiteFideId "24198668"]
[BlackFideId "4125363"]
[WhiteElo "2323"]
[BlackElo "2200"]
[Result "1-0"]
[Round "08"]
[TimeControl "180+1"]
[Date "2022.04.19"]
[WhiteClock "0:00:08"]
[BlackClock "0:00:03"]

1. Nf3 d5 2. g3 e6 3. Bg2 Nf6 4. O-O Be7 5. c4 O-O 6. d4 dxc4 7. Ne5 Nc6 8. Nxc6 bxc6 9. e3 Nd5 10. Qc2 Ba6 11. Rd1 Nb4 12. Qd2 Qd7 13. Nc3 Nd3 14. b3 Rab8 15. Ne4 Bb4 16. Qc2 Nxc1 17. Raxc1 cxb3 18. axb3 Bb5 19. Nc5 Qe7 20. h4 Rfd8 21. Nd3 Rb6 22. Ne5 h6 23. Bxc6 Bd6 24. Bxb5 Bxe5 25. Bc6 Bd6 26. Ba4 a5 27. Qe4 Rb4 28. Rc6 Rdb8 29. Ra6 Qf6 30. Rxa5 e5 31. Ra8 exd4 32. Rxd4 1-0


[Site "https://www.chess.com"]

[Event "Titled Tuesday Blitz April 19 Early 2022"]
[White "Shirov, Alexei"]
[Black "Ianov, Viktor"]
[WhiteFideId "2209390"]
[BlackFideId "14102730"]
[WhiteElo "2678"]
[BlackElo "2161"]
[Result "1-0"]
[Round "08"]
[TimeControl "180+1"]
[Date "2022.04.19"]
[WhiteClock "0:00:39"]
[BlackClock "0:00:41"]

1. e4 d6 2. d4 Nf6 3. Nc3 c6 4. f4 Qb6 5. Nf3 Bg4 6. Bd3 e5 7. dxe5 dxe5 8. h3 Bxf3 9. Qxf3 Nbd7 10. f5 Bc5 11. g4 h6 12. h4 O-O-O 13. Bd2 h5 14. g5 Ng4 15. O-O-O Be3 16. Bxe3 Qxe3+ 17. Qxe3 Nxe3 18. Rdg1 Nc5 19. Be2 Rd4 20. Rh3 Nc4 21. Bxc4 Rxc4 22. Re3 a5 23. b3 Rd4 24. Rge1 Rhd8 25. Nd1 b5 26. Nf2 b4 27. R1e2 Kc7 28. c3 R4d7 29. Rc2 Kb6 30. cxb4 axb4 31. Rc4 Kb5 32. Re2 Rd4 33. Rxd4 Rxd4 34. Rd2 Rxd2 35. Kxd2 f6 36. Ke3 Nd7 37. g6 c5 38. Nh1 c4 39. Ng3 c3 40. Nxh5 Nc5 41. Ng3 Kc6 42. h5 Kd7 43. h6 1-0


[Site "https://www.chess.com"]

[Event "Titled Tuesday Blitz April 19 Early 2022"]
[White "Shohat, Yotam"]
[Black "Atakhan, Abtin"]
[WhiteFideId "2813955"]
[BlackFideId "22502203"]
[WhiteElo "2119"]
[BlackElo "2094"]
[Result "0-1"]
[Round "08"]
[TimeControl "180+1"]
[Date "2022.04.19"]
[WhiteClock "0:00:01"]
[BlackClock "0:00:31"]

1. e4 c5 2. Nf3 Nc6 3. Nc3 g6 4. d4 cxd4 5. Nxd4 Bg7 6. Be3 Nf6 7. Bc4 O-O 8. Bb3 d5 9. exd5 Na5 10. O-O Nxb3 11. Nxb3 b6 12. Qd2 Bb7 13. Rad1 Qd7 14. Rfe1 Rad8 15. Bg5 Rfe8 16. Qe3 Qc8 17. Qf3 Rd7 18. h3 Red8 19. Re5 Nxd5 20. Rexd5 Bxc3 21. Rxd7 Rxd7 22. Qg4 Rxd1+ 23. Qxd1 Bxb2 24. Bxe7 h5 25. Qd8+ Qxd8 26. Bxd8 Bc3 27. Bc7 Kf8 28. Bb8 a5 29. Ba7 b5 30. Bd4 Bxd4 31. Nxd4 b4 32. Nb3 a4 33. Nc5 Bc6 34. Nd3 b3 35. cxb3 a3 36. Nb4 Be4 37. f3 Bb1 38. Kf2 Ke7 39. Ke3 Kd6 40. Kd4 h4 41. Kc4 g5 42. Kc3 Ke5 43. Nd3+ Kf5 44. Nc1 Kf4 45. b4 Kg3 46. b5 Bf5 47. b6 Bc8 48. Kd4 Kxg2 49. Ke3 Kxh3 50. Ne2 Kg2 51. f4 g4 52. f5 h3 53. Nf4+ Kf1 54. Nh5 h2 55. Ng3+ Kg2 56. Kf4 Kh3 57. Nh1 f6 58. Ng3 Bb7 59. Ne4 Bxe4 0-1


[Site "https://www.chess.com"]

[Event "Titled Tuesday Blitz April 19 Early 2022"]
[White "Shtyka, Sergey"]
[Black "Winkels, Marcel"]
[WhiteFideId "4138465"]
[BlackFideId "1003887"]
[WhiteElo "2014"]
[BlackElo "1900"]
[Result "1/2-1/2"]
[Round "08"]
[TimeControl "180+1"]
[Date "2022.04.19"]
[WhiteClock "0:00:15"]
[BlackClock "0:00:03"]

1. e4 c5 2. Nf3 d6 3. d4 cxd4 4. Nxd4 Nf6 5. Nc3 a6 6. Bc4 e6 7. O-O b5 8. Bd3 Be7 9. a3 O-O 10. Be3 Qc7 11. f4 Bb7 12. Qf3 Nc6 13. Rae1 Nxd4 14. Bxd4 e5 15. Be3 Rfd8 16. f5 d5 17. exd5 Nxd5 18. Nxd5 Bxd5 19. Be4 Qc6 20. Bxd5 Qxd5 21. Qxd5 Rxd5 22. Rd1 Rad8 23. Rxd5 Rxd5 24. Kf2 Bc5 25. Bxc5 Rxc5 26. c3 Rd5 27. Ke3 f6 28. Rc1 Kf7 29. c4 Rc5 30. b3 Ke7 31. Kd3 Rc7 32. c5 Kd7 33. b4 Kc6 34. g4 Rd7+ 35. Ke3 Rd4 36. h3 h6 37. Rg1 a5 38. Rb1 a4 39. Rg1 Rc4 40. Kd3 Rf4 41. Ke3 Rc4 42. Kd3 Kd5 43. h4 e4+ 44. Kd2 Kd4 45. g5 hxg5 46. hxg5 e3+ 47. Ke2 Rc2+ 48. Kf3 e2 49. gxf6 gxf6 50. Rg4+ Kd3 51. Re4 Ra2 52. Re3+ Kd4 53. c6 Rc2 54. Rxe2 Rxc6 55. Re6 Rc3+ 56. Kf4 Rxa3 57. Rxf6 Ra1 58. Rb6 Kc4 59. f6 Kxb4 60. Ke5 Rf1 61. Kd4 a3 62. Ra6 Kb3 63. Kc5 b4 64. Rb6 a2 65. Rxb4+ Kc3 66. Ra4 a1=Q 67. Rxa1 Rxa1 68. Kd6 Rf1 69. Ke7 Kd4 70. f7 Re1+ 71. Kd7 Rf1 72. Ke7 Rxf7+ 73. Kxf7 1/2-1/2


[Site "https://www.chess.com"]